 Dungeon Crawl Stone Soup version 0.16-a0-113-gc8d9654 (webtiles) character file.

3403 PolkaDot the Grappler (level 9, -1/80 HPs)
             Began as a Troll Monk on Aug 11, 2014.
             Slain by a killer bee (2 damage)
             ... on Level 8 of the Dungeon.
             The game lasted 00:17:36 (5944 turns).

PolkaDot the Grappler (Troll Monk)                  Turns: 5944, Time: 00:17:37

HP  -1/80        AC  6     Str 21      XL: 9   Next: 75%
MP   4/4         EV 16     Int 11      God:
Gold 357         SH  0     Dex 20      Spells:  0 memorised,  8 levels left

rFire  . . .     SeeInvis .       - Unarmed
rCold  . . .     Clarity  .     a - +0 robe
rNeg   . . .     rCorr    .     (shield restricted)
rPois  .         rRot     .     (helmet restricted)
rElec  .         Spirit   .     v - +0 cloak (curse)
SustAb .         Warding  .     (gloves unavailable)
rMut   .         Stasis   .     (boots unavailable)
Gourm  +                        e - amulet of faith
MR     .....                    (no ring)
                                (no ring)

@: confused, brilliant, agile, lethally poisoned, not resistant to hostile
enchantments, unstealthy
A: unfitting armour, claws 3, fast metabolism 3, gourmand, regeneration 2,
saprovore 2, shaggy fur 1, tough skin 2
a: no special abilities


You were on level 8 of the Dungeon.
You were very full.

You visited 1 branch of the dungeon, and saw 8 of its levels.

You collected 357 gold pieces.

Inventory:

Armour
 a - a +0 robe (worn)
 v - a cursed +0 cloak (worn)
Magical devices
 d - a wand of fireball (1)
 m - a wand of flame (11)
 p - a wand of draining (4)
 q - a wand of confusion (4)
 r - a wand of flame (15)
 t - a wand of magic darts (15)
Comestibles
 b - 4 meat rations
 g - 4 slices of pizza
 h - 2 fruits
 o - 3 bread rations
 u - 4 beef jerkies
 w - a royal jelly
 B - 2 rotting chunks of ogre flesh {@w1}
 D - 4 chunks of black bear flesh {@w1}
 E - 4 chunks of orc flesh {@w1}
 F - 4 chunks of centaur flesh {@w1}
Scrolls
 f - a scroll of amnesia
 i - 4 scrolls of remove curse
 k - 3 scrolls of teleportation
 l - 2 scrolls of recharging
 n - a scroll of fog
 s - a scroll of immolation
 x - a scroll of magic mapping {unknown}
Jewellery
 e - an amulet of faith (around neck)
Books
 c - a book of the Sky

   Spells                             Type                      Level
   Flight                             Charms/Air                   3
   Airstrike                          Air                          4
   Silence                            Hexes/Air                    5
   Deflect Missiles                   Charms/Air                   6
   Conjure Ball Lightning             Conjuration/Air              6
   Tornado                            Air                          9
 y - a book of Wizardry

   Spells                             Type                      Level
   Agony                              Necromancy                   5
   Force Lance                        Conjuration                  5
   Dispersal                          Translocation                6
   Haste                              Charms                       6
   Invisibility                       Hexes                        6
   Spellforged Servitor               Conjuration/Summoning        7


   Skills:
 + Level 2.6 Fighting
 - Level 2.4 Dodging
 - Level 1.1 Stealth
 * Level 13.8 Unarmed Combat


You had 8 spell levels left.
You didn't know any spells.

Dungeon Overview and Level Annotations

Branches:
Dungeon (8/15)             Temple (0/1) D:7
   Lair: D:8-11

Altars:
Elyvilon
Fedhas
Okawaru
Vehumet
Yredelemnul
The Shining One

Shops:
D:6 %:%%

Annotations:
D:6 exclusion: oklob plant


Innate Abilities, Weirdness & Mutations

You are too large for most types of armour.
You have claws for hands.
Your metabolism is lightning-fast.
You like to eat raw meat.
You heal very quickly.
You can eat rotten meat.
You are covered in fur (AC +1).
You have very tough skin (AC +2).


Message History

You feel sick.
The killer bee stings you but does no damage.
The killer bee closely misses you.
You barely miss the killer bee.
* * * LOW HITPOINT WARNING * * *
You feel very sick. The killer bee stings you!
* * * LOW HITPOINT WARNING * * *
Drink which item? (? for menu, Esc to quit)
You feel clever all of a sudden.
* * * LOW HITPOINT WARNING * * *
You feel very sick. The killer bee stings you.
* * * LOW HITPOINT WARNING * * *
The killer bee closely misses you.
Something in your inventory has become rotten. (slot B)
You swing at nothing.
* * * LOW HITPOINT WARNING * * *
You feel sick. The killer bee barely misses you. The killer bee stings you.
You die...

. . .. y. #..... .. ..
......... #. #.##
#.#...... .y ..# .#
#.#.....# #y
#.###.###.#.....# #.
#................
##.###%.##............
#.yyy@............#.##
#..####..#.##.....#.##
#.# ##.#............
#. #....#.....#.## #
##...........##
#......(..#.##
###>.#####.#.##
#..........#...
#./(........#####.#.##


You could see 3 killer bees.

Vanquished Creatures
  Pikel (D:4)
  Joseph (D:7)
  The ghost of Charly the Chopper, an average FoFi (D:4)
  Menkaure (D:5)
  An orc warrior (D:8)
  A sky beast (D:8)
  A slave (D:4)
  A black bear (D:8)
  4 centaurs
  An ogre (D:7)
  Sigmund (D:7)
  Duvessa (D:6)
  Blork the orc (D:7)
  A scorpion (D:4)
  5 giant frogs
  A hippogriff zombie (D:6)
  A killer bee (D:8)
  6 hounds
  Dowan (D:6)
  A goliath beetle (D:6)
  A crimson imp (D:5)
  2 jellies (D:7)
  2 orc wizards
  Crazy Yiuf (D:4)
  A giant frog skeleton (D:8)
  3 iguanas
  2 orc priests
  5 worker ants
  A killer bee zombie (D:8)
  An ogre skeleton (D:7)
  A worker ant zombie (D:7)
  9 adders
  4 gnolls (D:7)
  A scorpion zombie (D:6)
  A shadow imp (D:6)
  A giant mite (D:7)
  An inept item mimic (D:8)
  2 worms (D:4)
  2 orc skeletons (D:6)
  3 giant geckos (D:2)
  An ooze (D:3)
  19 orcs
  10 goblins
  10 hobgoblins
  10 kobolds
  6 quokkas
  4 ball pythons
  8 bats
  2 giant cockroaches
  3 giant newts
  9 jackals
  7 rats
165 creatures vanquished.

Vanquished Creatures (others)
  An adder (D:4)
  A giant gecko (D:4)
  A giant cockroach (D:4)
  A hobgoblin (D:4)
4 creatures vanquished.

Grand Total: 169 creatures vanquished

Notes
Turn   | Place    | Note
--------------------------------------------------------------
     0 | D:1      | PolkaDot, the Troll Monk, began the quest for the Orb.
     0 | D:1      | Reached XP level 1. HP: 22/22 MP: 1/1
   306 | D:1      | Reached XP level 2. HP: 29/29 MP: 1/1
   766 | D:2      | Reached skill level 5 in Unarmed Combat
   766 | D:2      | Reached XP level 3. HP: 36/36 MP: 2/2
  1300 | D:3      | Reached XP level 4. HP: 23/44 MP: 2/2
  1325 | D:3      | Reached skill level 6 in Unarmed Combat
  1556 | D:3      | Reached XP level 5. HP: 50/50 MP: 1/2
  2284 | D:4      | Reached skill level 7 in Unarmed Combat
  2314 | D:4      | Reached XP level 6. HP: 30/59 MP: 3/3
  2361 | D:4      | Found a white marble altar of Elyvilon.
  2363 | D:4      | Found an iron altar of Okawaru.
  2374 | D:4      | Noticed Charly's ghost (average FoFi)
  2396 | D:4      | Killed Charly's ghost
  2396 | D:4      | Reached skill level 8 in Unarmed Combat
  2439 | D:4      | Noticed a slave
  2439 | D:4      | Noticed a slave
  2440 | D:4      | Noticed a slave
  2442 | D:4      | Noticed Pikel
  2442 | D:4      | Noticed a slave
  2448 | D:4      | Killed a slave
  2463 | D:4      | Killed Pikel
  2463 | D:4      | Reached skill level 9 in Unarmed Combat
  2463 | D:4      | Reached XP level 7. HP: 27/66 MP: 1/3
  2473 | D:4      | Reached skill level 10 in Unarmed Combat
  2524 | D:4      | Reached XP level 8. HP: 28/74 MP: 1/3
  2894 | D:4      | Found a glowing golden altar of the Shining One.
  2895 | D:4      | Noticed an angel
  2908 | D:4      | Found a basalt altar of Yredelemnul.
  2909 | D:4      | Noticed a profane servitor
  2991 | D:4      | Noticed Crazy Yiuf
  2996 | D:4      | Killed Crazy Yiuf
  3001 | D:4      | Got a transparent hammer
  3002 | D:4      | Identified the cursed +2 hammer of Noon {pain, rN+} (You found it on level 4 of the Dungeon)
  3136 | D:5      | Entered Level 5 of the Dungeon
  3160 | D:5      | Noticed Menkaure
  3171 | D:5      | HP: 3/74 [Menkaure (17)]
  3173 | D:5      | Killed Menkaure
  3390 | D:5      | Reached skill level 11 in Unarmed Combat
  3641 | D:5      | Found a radiant altar of Vehumet.
  3783 | D:6      | Found Phairiv's Food Shoppe.
  3884 | D:6      | Noticed Duvessa
  3884 | D:6      | Noticed Dowan
  3886 | D:6      | Found Coshaqis' Food Shoppe.
  3898 | D:6      | Killed Duvessa
  3901 | D:6      | Killed Dowan
  3951 | D:6      | Found Fauze's Book Shop.
  4159 | D:6      | Found Braddu's Food Emporium.
  4289 | D:6      | Found a blossoming altar of Fedhas.
  4303 | D:6      | Noticed an oklob plant
  4667 | D:6      | Reached skill level 12 in Unarmed Combat
  4823 | D:7      | Noticed Joseph
  4830 | D:7      | Found a staircase to the Ecumenical Temple.
  4840 | D:7      | Killed Joseph
  4840 | D:7      | Reached XP level 9. HP: 64/80 MP: 4/4
  5277 | D:7      | Noticed Sigmund
  5286 | D:7      | Killed Sigmund
  5286 | D:7      | Reached skill level 13 in Unarmed Combat
  5435 | D:7      | Noticed Blork the orc
  5437 | D:7      | Killed Blork the orc
  5943 | D:8      | HP: 2/80 [killer bee (5)]
  5944 | D:8      | Slain by a killer bee

Action                   |  1- 3 |  4- 6 |  7- 9 || total
-------------------------+-------+-------+-------++-------
Melee: Unarmed           |   110 |   120 |   233 ||   463
       Hammer            |       |       |    41 ||    41
Evoke: Wand              |       |     2 |     2 ||     4
  Use: Scroll            |       |     6 |     8 ||    14
       Potion            |       |     1 |     4 ||     5
 Stab: Sleeping          |       |     1 |     2 ||     3
  Eat: Chunk             |    17 |    11 |    32 ||    60
